 Dungeon Crawl Stone Soup version 0.28-a0-983-g1de4e0787c (webtiles) character file.

Game seed: 6563746923779098425

816 cheechan the Chopper (level 7, -2/62 HPs)
             Began as a Naga Gladiator on Dec 2, 2021.
             Was a Plaything of Xom.
             Slain by a +1 whip of freezing (13 damage)
             ... animated by Xom
             ... on level 4 of the Dungeon.
             The game lasted 00:10:39 (2613 turns).

cheechan the Chopper (Naga Gladiator)               Turns: 2613, Time: 00:10:39

Health: -2/62      AC:  5    Str: 18    XL:     7   Next: 94%
Magic:  7/7        EV: 10    Int: 11    God:    Xom [....*.]
Gold:   136        SH:  0    Dex: 12    Spells: 5/6 levels left

rFire   . . .      SeeInvis +   e - +2 war axe (protect)
rCold   . . .      Faith    .   (no shield)
rNeg    . . .      Spirit   .   b - +0 leather armour
rPois   +          Reflect  .   c - +0 helmet
rElec   .          Harm     .   (no cloak)
rCorr   .          Rampage  .   (no gloves)
Will    .....                   (no barding)
Stlth   ++........              (no amulet)
HPRegen 0.20/turn               a - +4 ring of slaying
MPRegen 0.10/turn               (no ring)

@: cleaving, flying, very slow
A: AC +2, large, see invisible, deformed body, poison resistance, slowness 2,
spit poison 1, naga tail 1, clever 1
a: Spit Poison, Renounce Religion


You were on level 4 of the Dungeon.
You worshipped Xom.
You were a beloved toy of Xom.
You visited 1 branch of the dungeon, and saw 4 of its levels.

You collected 136 gold pieces.

Inventory:

Hand Weapons
 e - a +2 war axe of protection (weapon)
 i - a +0 hunting sling
 k - a +1 whip of electrocution
 o - a +0 scythe
Missiles
 d - 3 throwing nets
 f - 63 arrows
 j - 23 poisoned darts
 m - 22 sling bullets
Armour
 b - a +0 leather armour (worn)
 c - a +0 helmet (worn)
Jewellery
 a - a +4 ring of slaying (left hand)
Wands
 p - a wand of digging (1)
Potions
 g - a potion of cancellation {unknown}
 h - a potion of flight
 l - a potion of mutation {unknown}
 n - a potion of invisibility {unknown}


   Skills:
 + Level 3.2 Fighting
 + Level 4.9(5.4) Axes
 + Level 3.4(4.6) Polearms
 + Level 2.1 Throwing
 + Level 2.8 Armour
 + Level 4.0 Dodging
 + Level 3.3 Stealth
 + Level 0.4 Air Magic


You had 5 spell levels left.
You knew the following spells:

 Your Spells              Type           Power      Damage    Failure   Level
a - Shock                 Conj/Air       0%         1d3       36%         1

Your spell library contained the following spells:

 Spells                   Type           Power      Damage    Failure   Level
 Swiftness                Air            0%         N/A       73%         3
 Airstrike                Air            0%         N/A       98%         4


Dungeon Overview and Level Annotations

Branches:
Dungeon (4/15)
 Temple: D:4-7

Altars:
Gozag
Xom
Yredelemnul


Innate Abilities, Weirdness & Mutations

Your serpentine skin is tough. (AC +2)
You have supernaturally acute eyesight. (SInv)
Armour fits poorly on your strangely shaped body.
Your system is resistant to poisons. (rPois)
You cover ground very slowly.
You can spit poison.
You have a snake-like lower body.
Your mind is acute. (Int +2)


Message History

Pikel dies!
With Pikel's spell broken, his former minions thank you for their freedom.
The lemure departs this earthly plane. x3
Your Fighting skill increases to level 3!
Your base Axes skill increases to level 4!
Your Dodging skill increases to level 4!
Your Stealth skill increases to level 3!
You have reached level 7!
p - a wand of digging (1)
Things that are here:
a +0 robe; the kobold corpse of Pikel You swap places.
You see here a hobgoblin corpse.
Really attack your +1 whip of freezing?
You closely miss your +1 whip of freezing.
The +1 whip of freezing is lightly damaged.
The +1 whip of freezing hits you! The +1 whip of freezing freezes you.
The +1 whip of freezing hits you. The +1 whip of freezing freezes you.
You closely miss the +1 whip of freezing.
The +1 whip of freezing is lightly damaged.
The +1 whip of freezing barely misses you.
The +1 whip of freezing hits you!
* * * LOW HITPOINT WARNING * * *
You emit a cloud of colourful smoke!
The +1 whip of freezing freezes you.
* * * LOW HITPOINT WARNING * * *
Press: ? - help, v - describe, . - travel, g - get item
Here: a +1 whip of freezing (magical condensation, lightly damaged)
Items here: a +0 robe; the kobold corpse of Pikel.
The floor, spattered with blood.
It was a potion of flight.
You feel very buoyant.
You fly up into the air.
Xom thinks this is hilarious!
The +1 whip of freezing hits you.
* * * LOW HITPOINT WARNING * * *
The +1 whip of freezing freezes you.
* * * LOW HITPOINT WARNING * * *
The +1 whip of freezing hits you!
You die...

.......##.#### ........
.... ............ .
#!#... .....
..##....>...... .
...>....#......# ######.
.....(.........## #......
#......§### #.#.. #.....#
......#(@§##..#.# #....#
..... #§§§..#.#.###....#
..... ###...#.#.##.....##
.......##...#.#.#......#.
##5......(..........†.†..
..!...(.)...........<.#
...................[.##
#.KK........>...#..)##
...###.....##...#...#


You could see a +1 whip of freezing.

Vanquished Creatures
  A necrophage (D:4)
  A lemure (D:4)
  A killer bee (D:3)
  An orc priest (D:3)
  Jessica (D:2)
  An iguana (D:3)
  An orc wizard (D:3)
  A hound skeleton (D:4)
  6 adders
  An adder zombie (D:3)
  A worm (D:2)
  A dart slug (D:1)
  4 orcs
  An endoplasm (D:1)
  6 giant cockroaches
  4 goblins
  7 hobgoblins
  2 jackals
  2 quokkas
  5 ball pythons
  4 bats
  3 frilled lizards (D:1)
  A jackal zombie (D:3)
  4 kobolds
  7 rats
67 creatures vanquished.

Vanquished Creatures (collateral kills)
  Pikel (D:4)
1 creature vanquished.

Vanquished Creatures (others)
  5 fungi (D:1)
  3 plants (D:1)
8 creatures vanquished.

Grand Total: 76 creatures vanquished

Notes
Turn   | Place    | Note
-------+----------+-------------------------------------------
     0 | D:1      | cheechan the Naga Gladiator began the quest for the Orb.
     0 | D:1      | Reached XP level 1. HP: 19/19 MP: 1/1
    82 | D:1      | You fall into a shaft and drop 1 floor!
   167 | D:2      | Reached XP level 2. HP: 23/26 MP: 2/2
   380 | D:2      | Noticed Jessica
   384 | D:2      | Killed Jessica
   385 | D:2      | Reached XP level 3. HP: 22/32 MP: 3/3
   428 | D:1      | Found a faded altar of an unknown god.
   541 | D:1      | Reached XP level 4. HP: 23/39 MP: 4/4
  1002 | D:2      | Found a shimmering altar of Xom.
  1013 | D:2      | Became a worshipper of Xom of Chaos
  1073 | D:2      | Learned a level 1 spell: Shock
  1155 | D:2      | Reached skill level 1 in Axes
  1291 | D:2      | Reached skill level 1 in Armour
  1314 | D:2      | XOM: silly message
  1333 | D:2      | XOM: silly message
  1385 | D:2      | XOM: summons 3 hostile demons
  1448 | D:2      | XOM: stat loss: -1 Int (8/9)
  1602 | D:3      | XOM: snakes to sticks
  1654 | D:3      | Found a basalt altar of Yredelemnul.
  1770 | D:3      | XOM: butterfly on damage
  1775 | D:3      | Reached XP level 5. HP: 12/46 MP: 5/5
  1874 | D:3      | XOM is BORED!
  1874 | D:3      | XOM: stat loss: -1 Dex (11/12)
  2026 | D:3      | Found an opulent altar of Gozag.
  2091 | D:3      | XOM: give mutation
  2091 | D:3      | Gained mutation: Your mind is acute. (Int +2) [Xom's grace]
  2387 | D:4      | XOM: polymorph orc priest -> killer bee
  2395 | D:3      | Reached XP level 6. HP: 33/54 MP: 6/6
  2547 | D:4      | Noticed a necrophage
  2557 | D:4      | XOM: confusion (+ monsters)
  2569 | D:4      | Killed a necrophage
  2590 | D:4      | Noticed Pikel
  2600 | D:4      | XOM: cleaving
  2607 | D:4      | Killed Pikel
  2608 | D:4      | Reached XP level 7. HP: 46/62 MP: 7/7
  2612 | D:4      | XOM: smoke on damage
  2613 | D:4      | Slain by a +1 whip of freezing

Illustrated notes

Levels and vault maps discovered:
D:1:      saegor_arrival_simple_e, layout_loops_ring,
          shapermc_ecumenical_altar_mp_urbaneastern, eino_curves_02
D:2:      layout_loops_cross, basic_altar, uniq_jessica
D:3:      layout_rooms, lemuel_zombie_altar_yredelemnul,
          nicolae_gozag_seed_capital, minmay_stone_trees_small
D:4:      layout_rooms, minmay_temple_entry_mini_moons, minmay_pentomino_pile,
          uniq_pikel

Skill      XL: |  1  2  3  4  5  6 |
---------------+-------------------+-----
Throwing       | 2 |  2.1
Dodging        | 3 4 |  4.0
Axes           | 1 2 4 |  4.9
Armour         | 1 2 |  2.8
Stealth        | 2 3 |  3.3
Fighting       | 3 |  3.2
Polearms       | |  3.4
Air Magic      | |  0.4

Action                   |  1- 3 |  4- 6 |  7- 9 || total
-------------------------+-------+-------+-------++-------
Melee: Trident           |     8 |       |       ||     8
       War axe           |    42 |   106 |     2 ||   150
 Abil: Spit Poison       |     7 |     8 |       ||    15
  Use: Scroll            |       |     7 |       ||     7
       Potion            |       |       |     1 ||     1
 Stab: Confused          |       |     1 |       ||     1
Armor: Leather armour    |    20 |    82 |       ||   102
Dodge: Dodged            |    27 |   100 |     1 ||   128

Table legend: (Time is in decaauts)
 A = Elapsed time spent in this place.
 B = Non-inter-level travel time spent in this place.
 C = Inter-level travel time spent in this place.
 D = Time resting spent in this place.
 E = Time spent auto-exploring this place.
 F = Levels seen in this place.
 G = Mean time per level.
                   A        B        C        D        E       F      G
               +--------+--------+--------+--------+--------+-----+--------+
         Total |   3328 |   3328 |      0 |    687 |      0 |   4 |  832.0 |
       Dungeon |   3328 |   3328 |      0 |    687 |      0 |   4 |  832.0 |
               +--------+--------+--------+--------+--------+-----+--------+

Top non-repeatable levels by time:
     D:3: 1304 daAuts
     D:2: 1090 daAuts
     D:1: 851 daAuts
     D:4: 82 daAuts
